 Dungeon Crawl Stone Soup version 0.19.1-1-g22dce08 (webtiles) character file.

169 Colliwobble the Agent of Entropy (level 5, -5/41 HPs)
             Began as a Demonspawn Abyssal Knight on Jan 4, 2017.
             Was a Priest of Lugonu.
             Killed by divine providence
             ... invoked by an orc priest
              (14 damage)
             ... on level 4 of the Dungeon.
             The game lasted 00:07:07 (2424 turns).

Colliwobble the Agent of Entropy (DsAK)             Turns: 2424, Time: 00:07:08

Health: -5/41      AC:  6    Str: 13    XL:     5   Next: 25%
Magic:  4/8        EV:  8    Int: 14    God:    Lugonu [***...]
Gold:   134        SH:  6    Dex: 12    Spells: 0 memorised, 4 levels left

rFire  . . .     SeeInvis .     a - +1 spear
rCold  . . .     Gourm    .     b - +0 leather armour
rNeg   + . .     Faith    .     l - +0 shield
rPois  .         Spirit   .     k - +0 helmet
rElec  .         Reflect  .     (no cloak)
rCorr  .         Harm     .     (no gloves)
MR     .....                    (no boots)
Stlth  +.........               (no amulet)
                                (no ring)
                                q - ring of positive energy

@: no status effects
A: icy blue scales 1, powered by pain 2, rot immunity
a: Depart the Abyss, Bend Space, Banish, Renounce Religion


You were on level 4 of the Dungeon.
You worshipped Lugonu.
Lugonu was most pleased with you.
You were hungry.

You visited 1 branch of the dungeon, and saw 4 of its levels.
You visited the Abyss 1 time.

You collected 134 gold pieces.

Inventory:

Hand Weapons
 a - a +1 spear (weapon)
 r - a +0 blowgun
Missiles
 t - 6 poisoned needles
Armour
 b - a +0 leather armour (worn)
 k - a +0 helmet (worn)
 l - a +0 shield (worn)
Jewellery
 q - a ring of positive energy (left hand)
Scrolls
 h - 4 scrolls of identify {unknown}
 j - 2 scrolls of magic mapping {unknown}
 n - 5 scrolls of remove curse {unknown}
 o - a scroll of fog {unknown}
Potions
 d - a potion of degeneration {unknown}
 e - 2 potions of heal wounds {unknown}
 g - a potion of agility {unknown}
 m - a potion of brilliance {unknown}
 u - a potion of might {unknown}
 v - a potion of lignification {unknown}
Comestibles
 c - 2 bread rations
 f - a chunk of flesh
 i - 2 beef jerkies
 p - a meat ration
 s - 4 fruits


   Skills:
 - Level 3.0 Fighting
 * Level 4.1 Polearms
 - Level 1.7 Armour
 - Level 0.8 Dodging
 + Level 4.7 Invocations


You had 4 spell levels left.
You didn't know any spells.

Dungeon Overview and Level Annotations

Branches:
Dungeon (4/15)
 Temple: D:4-7

Altars:


Innate Abilities, Weirdness & Mutations

You are partially covered in icy blue scales. (AC +2)
You sometimes gain power by taking damage.
You are immune to rotting.


Message History

The puff of frost hits you!
The orc wizard mumbles some strange words.
The orc wizard casts a spell.
The orc wizard flickers and vanishes!
Deactivating autopickup; reactivate with Ctrl-A.
Press: ? - help, Shift-Dir - straight line, f - orc priest, p - orc wizard
Aim: an orc priest, wielding a whip (chance to defeat MR: 83%)
The orc wizard is devoured by a tear in reality.
Lugonu claims a new guest.
You feel somewhat more hungry.
The orc priest mumbles some strange prayers to Beogh against you.
Beogh smites you!
* * * LOW HITPOINT WARNING * * *
Unknown command.
You are too injured to fight recklessly!
You are too injured to fight recklessly!
You are feeling hungry.
The orc priest invokes the aid of Beogh against you.
Beogh smites you!
You die...

#. # #. # #. # #o ###
#{ ...###.. #.
#...... #.####{###
#####.#
#......o.############
#.#
######.%.@...........
..#
########.############
#.............
##############


You could see an orc priest.

Vanquished Creatures
  7 adders
  An ooze (D:2)
  A worm (D:3)
  3 dart slugs
  7 orcs
  2 giant cockroaches
  9 goblins
  4 hobgoblins
  6 jackals (D:1)
  2 quokkas
  10 bats
  4 frilled lizards
  10 kobolds
  9 rats
75 creatures vanquished.

Vanquished Creatures (others)
  An orc wizard (D:4)
1 creature vanquished.

Grand Total: 76 creatures vanquished

Notes
Turn   | Place    | Note
-------+----------+-------------------------------------------
     0 | Abyss:1  | Colliwobble the Demonspawn Abyssal Knight began the quest for the Orb.
     0 | Abyss:1  | Reached XP level 1. HP: 18/18 MP: 2/2
    13 | D:1      | Escaped the Abyss
   207 | D:1      | Gained mutation: You are partially covered in icy blue scales. (AC +2) [demonic ancestry]
   207 | D:1      | Reached XP level 2. HP: 24/24 MP: 2/4
   406 | D:1      | Reached ** piety under Lugonu
   664 | D:1      | Gained mutation: You sometimes gain a little power by taking damage. [demonic ancestry]
   664 | D:1      | Reached XP level 3. HP: 29/29 MP: 5/5
   903 | D:2      | Gained mutation: You are immune to rotting. [demonic ancestry]
   903 | D:2      | Reached XP level 4. HP: 35/35 MP: 7/7
  1019 | D:2      | You fall through a shaft!
  1202 | D:2      | Reached *** piety under Lugonu
  2051 | D:3      | Gained mutation: You sometimes gain power by taking damage. [demonic ancestry]
  2051 | D:3      | Reached XP level 5. HP: 35/41 MP: 8/8
  2424 | D:4      | Killed from afar by an orc priest

Skill      XL: |  1  2  3  4  5 |
---------------+----------------+-----
Polearms       | 2 3 4 |  4.1
Invocations    | 3 4 |  4.7
Fighting       | |  3.0
Armour         | |  1.7
Dodging        | |  0.8

Action                   |  1- 3 |  4- 6 || total
-------------------------+-------+-------++-------
Melee: Spear             |   113 |   148 ||   261
Invok: Banish            |       |     1 ||     1
 Stab: Sleeping          |     2 |       ||     2
  Eat: Chunk             |       |     5 ||     5
Armor: Leather armour    |    42 |    41 ||    83
Dodge: Dodged            |    35 |    31 ||    66
Block: Shield            |    24 |    36 ||    60
